[Event "*** Titled Tuesday Blitz"]
[Site "Chess.com"]
[Date "2020.04.21"]
[Round "1"]
[White "StoreySniper"]
[Black "Batica1984"]
[Result "0-1"]
[WhiteElo "2400"]
[BlackElo "2771"]
[TimeControl "180+1"]
[EndTime "10:07:22 PDT"]
[Termination "Batica1984 won by resignation"]

1. g3 c5 2. Bg2 Nc6 3. c4 g6 4.
Nf3 Bg7 5. Nc3 e5 6. d3 d6 7.
Nd5 Nge7 8. Bg5 h6 9. Bf6 O-O 10. Nxe7+ Nxe7 11. Bxg7 Kxg7 12. Nd2 d5 13. cxd5 Nxd5 14.
Qc2 b6 15. O-O Be6 16. Nc4 f6 17. a3 Rc8 18. Rfc1 Qd7 19. Qd2 Rfd8 20. Ne3 Ne7 21. Qe1 Nc6 22. Bxc6 Rxc6 23. b4 Rdc8 24. bxc5 Rxc5 25.
Rxc5 Rxc5 26. Rc1 Qc7 27. Rxc5 Qxc5 28. Qa1 b5 29. h4 a5 30. h5 gxh5 31. Qb2 b4 32.
axb4 axb4 33. Nc2 b3 34. Na3 Qb4 35. Kg2 h4 36. gxh4 Qxh4 37. f3 Bh3+ 38. Kh2 Bf1+ 39. Kg1 Qe1 40. Qb1 Qxb1 41. Nxb1 Bxe2 42. Kf2 Bxd3 43. Ke3 0-1

[Event "*** Titled Tuesday Blitz"]
[Site "Chess.com"]
[Date "2020.04.21"]
[Round "1"]
[White "artichaud"]
[Black "RestartingChess"]
[Result "1-0"]
[WhiteElo "2224"]
[BlackElo "2549"]
[TimeControl "180+1"]
[EndTime "10:07:22 PDT"]
[Termination "artichaud won by resignation"]

1. e4 d5 2. exd5 Qxd5 3. Nc3 Qd6 4. Nf3 Nf6 5. d4 Bg4 6. h3 Bxf3 7. Qxf3 c6 8. Be3 e6 9. O-O-O Be7 10. g4 Nbd7 11. Ne4 Nxe4 12. Qxe4 Nf6 13. Qf3 Nd5 14.
Bd2 Nb6 15. Kb1 Qxd4 16. Bc3 Qa4 17. Bxg7 Rg8 18. Be5 Nd5 19. Bd3 Nb4 20. a3 Nxd3 21. Qxd3 Rg6 22. Qd7+ Kf8 23. Qxb7 Re8 24. Rd7 Qe4 25.
Rhd1 Qxe5 26. Rc7 Bf6 27. Rxf7+ Kg8 28. Rdd7 Rg7 29. c3 Rb8 30. Rxg7+ Bxg7 31. Rxg7+ Qxg7 32. Qxb8+ Qf8 33. Qxf8+ Kxf8 34. Kc2 Kf7 35. Kd3 Kf6 36.
Ke4 Kg5 37. Ke5 Kh4 38. f4 Kxh3 39. Kxe6 Kxg4 40. f5 h5 41. f6 h4 42. f7 h3 43.
f8=Q h2 44. Qh8 Kg3 45. Kd6 Kg2 46. Kxc6 h1=B 47. Qxh1+ Kf2 48. Kb5 Ke3 49. Ka6 Kd2 50. Qd5+ Kc2 51. c4 Kb1 52. c5 Ka1 53. c6 Kb1 54. b4 Ka1 55. Qd2 Kb1 56. c7 1-0

[Event "*** Titled Tuesday Blitz"]
[Site "Chess.com"]
[Date "2020.04.21"]
[Round "1"]
[White "IMDT02"]
[Black "Msb2"]
[Result "0-1"]
[WhiteElo "2460"]
[BlackElo "2913"]
[TimeControl "180+1"]
[EndTime "10:07:23 PDT"]
[Termination "Msb2 won on time"]

1. d4 Nf6 2. c4 e6 3. Nc3 Bb4 4. e3 O-O 5. Ne2 c6 6. a3 Ba5 7. Ng3 d5 8. Qc2 Nbd7 9. Bd2 Re8 10. cxd5 cxd5 11. Bd3 Nf8 12. O-O Bd7 13. Rac1 Rc8 14.
b4 Bc7 15. Qb2 Ng6 16. a4 e5 17. Nb5 e4 18. Nxc7 Rxc7 19. Rxc7 Qxc7 20. Rc1 Qd6 21. Be2 Bg4 22. Qc3 Bxe2 23. Nxe2 Qd7 24. b5 Ne7 25. Qc7 Rc8 26. Qxd7 Nxd7 27. Rxc8+ Nxc8 28. Bb4 f5 29. Nc3 Nf6 30. h3 Kf7 31. Kf1 Ke6 32. Ke2 g5 33. a5 a6 34. bxa6 bxa6 35. Na4 Nd7 36. Kd2 Na7 37. Nb6 Nc6 38. Bc3 Nxb6 39. axb6 Kd7 40. Kc2 Kc8 41. Kb3 Kb7 42. Ka4 Kxb6 43. Bd2 g4 44. h4 h5 45. g3 Na7 46.
Ba5+ Kc6 47. Kb4 Nb5 48. Bd8 Nd6 49. Ba5 Nc4 50. Bd8 Nb2 0-1

[Event "*** Titled Tuesday Blitz"]
[Site "Chess.com"]
[Date "2020.04.21"]
[Round "1"]
[White "Nayemhaque22"]
[Black "Sviridov_Valery"]
[Result "0-1"]
[WhiteElo "2434"]
[BlackElo "2848"]
[TimeControl "180+1"]
[EndTime "10:07:23 PDT"]
[Termination "Sviridov_Valery won by resignation"]

1. e4 Nf6 2. Nc3 d5 3. e5 d4 4. exf6 dxc3 5. fxg7 cxd2+ 6. Qxd2 Qxd2+ 7. Bxd2 Bxg7 8.
O-O-O Nc6 9. Bb5 Bd7 10. Nf3 h6 11. Rhe1 e6 12. Bf4 O-O-O 13. c3 Rhe8 14. h3 a6 15. Bxc6 Bxc6 16. Rxd8+ Rxd8 17. Ne5 Bxg2 18. Nxf7 Rf8 19. Rg1 Rxf7 20. Rxg2 Rxf4 21. Rxg7 Rxf2 22. Rg6 h5 23. Rxe6 Rf3 24. h4 Rf4 25. Re8+ Kd7 26. Rb8 b6 27. Ra8 a5 28. Rh8 Rxh4 29. Rh7+ Kc6 30.
Rh6+ Kc5 31. Kc2 a4 32. b4+ Kb5 33. Rh7 Rh2+ 34. Kd3 c5 35. bxc5 Rh3+ 36. Kd4 bxc5+ 37. Kd5 Rd3+ 38. Ke4 Kc4 39. Rxh5 Rd2 40. Ke3 Rxa2 41.
Rf5 Rh2 42. Rf4+ Kb3 43. Kd3 Rh3+ 44. Kd2 Rh2+ 45. Kd3 a3 46. Rf8 a2 47. Rb8+ Ka3 48. Ra8+ Kb2 49. Rb8+ Kc1 50. Ra8 Kb1 51. Kc4 a1=Q 52.
Rxa1+ Kxa1 53. Kxc5 Kb2 54. c4 Kb3 55. Kb5 Kc3 56.
c5 Kd4 57. c6 Rc2 58. Kb6 Kd5 59.
c7 Kd6 60. c8=Q Rxc8 0-1

[Event "*** Titled Tuesday Blitz"]
[Site "Chess.com"]
[Date "2020.04.21"]
[Round "1"]
[White "ChelsieMonica"]
[Black "vlad_Sid"]
[Result "0-1"]
[WhiteElo "2310"]
[BlackElo "2645"]
[TimeControl "180+1"]
[EndTime "10:07:23 PDT"]
[Termination "vlad_Sid won by checkmate"]

1. c4 c5 2. Nc3 Nc6 3. Nf3 g6 4. e3 Bg7 5. Be2 Nf6 6. O-O O-O 7. d4 cxd4 8. Nxd4 Qc7 9. Ndb5 Qb8 10. e4 a6 11. Na3 d6 12. Bf4 b6 13. Rc1 Be6 14.
Bf3 Ne5 15. Bxe5 dxe5 16. Nd5 Qb7 17. Qb3 Rab8 18. Rfd1 Rfc8 19. Nc2 b5 20. cxb5 axb5 21. Ncb4 Bf8 22. Qe3 Ne8 23. h4 h5 24. Rxc8 Rxc8 25. Rc1 Rxc1+ 26. Qxc1 Nd6 27. b3 Qa7 28. Qc7 Qd4 29.
Qd8 Kg7 30. Nc6 Qa1+ 31. Kh2 Bxd5 32. exd5 e4 33. Be2 Nf5 34. Qc7 Qe1 35. Bxb5 Qxf2 36. Qe5+ Kh7 37. Qxe4 Bh6 38. Qf3 Bf4+ 39. Kh1 Ng3+ 40.
Kh2 Ne2+ 41. Kh3 Ng1# 0-1

[Event "*** Titled Tuesday Blitz"]
[Site "Chess.com"]
[Date "2020.04.21"]
[Round "1"]
[White "vovachesss"]
[Black "BabyFacedAssasin"]
[Result "1-0"]
[WhiteElo "2606"]
[BlackElo "2266"]
[TimeControl "180+1"]
[EndTime "10:07:23 PDT"]
[Termination "vovachesss won on time"]

1. e4 e6 2. d4 d5 3. Nd2 c5 4. Ngf3 cxd4 5. exd5 Qxd5 6. Bc4 Qd8 7. O-O Nc6 8. Nb3 a6 9. Nbxd4 Nxd4 10. Nxd4 Bd6 11.
c3 Qc7 12. Qe2 Bxh2+ 13. Kh1 Be5 14. Nf5 exf5 15. f4 Be6 16. Bxe6 fxe6 17. fxe5 Ne7 18. Bf4 O-O-O 19. Rad1 h6 20. Rd6 g5 21. Bh2 f4 22.
Rxe6 Nc6 23. Qh5 Nxe5 24. Bxf4 Qc4 25. Re1 Qxe6 26. Rxe5 Qc4 27. Be3 Qc6 28. Rc5 Rhe8 29. Rxc6+ bxc6 30. Qxh6 Kb7 31. Qg7+ Kc8 32. Qa7 Rd1+ 33.
Kh2 Red8 34. Bb6 1-0

[Event "*** Titled Tuesday Blitz"]
[Site "Chess.com"]
[Date "2020.04.21"]
[Round "1"]
[White "ALEXJR20"]
[Black "Bykov_Egor"]
[Result "0-1"]
[WhiteElo "2254"]
[BlackElo "2601"]
[TimeControl "180+1"]
[EndTime "10:07:24 PDT"]
[Termination "Bykov_Egor won by checkmate"]

1. d4 Nf6 2. c4 e6 3. Nf3 b6 4. g3 Ba6 5. Bg2 Bxc4 6. Nc3 d5 7.
O-O Nfd7 8. Re1 Be7 9. b3 Ba6 10. e4 dxe4 11. Nxe4 Bb7 12. Bf4 Nf6 13. Ne5 Nxe4 14. Bxe4 Bxe4 15. Rxe4 O-O 16. Rc1 c5 17. Qf3 cxd4 18. Rxd4 Qxd4 19. Qxa8 Ba3 20. Re1 Nd7 21. Qxa7 Nxe5 22. Bxe5 Qd2 23. Rf1 Bc5 24. a3 Qd5 25.
Bc7 Qxb3 26. a4 Qb4 27. Qa6 g6 28. Bf4 Kg7 29. Kg2 Qe4+ 30. Kg1 h6 31. Qb5 g5 32. Bc1 Rd8 33. Bb2+ Kg8 34. Qa6 Qf3 35. Qb5 Kh7 36.
a5 Rd1 37. Qe8 Qxf2+ 38. Kh1 Rxf1# 0-1

[Event "*** Titled Tuesday Blitz"]
[Site "Chess.com"]
[Date "2020.04.21"]
[Round "1"]
[White "kingnb"]
[Black "Dr-Bassem"]
[Result "1-0"]
[WhiteElo "2444"]
[BlackElo "2787"]
[TimeControl "180+1"]
[EndTime "10:07:25 PDT"]
[Termination "kingnb won on time"]

1. e4 e5 2. Nf3 Nc6 3. Bc4 Nf6 4. d3 h6 5. c3 d6 6. Nbd2 g6 7. Nf1 Bg7 8. Ng3 O-O 9. O-O d5 10. exd5 Nxd5 11. Re1 Kh7 12. b4 Be6 13. Bd2 a6 14. a4 Re8 15. b5 Na5 16. Nxe5 Nxc4 17. dxc4 Nb6 18. c5 Nc4 19. Nxc4 Bxc4 20. Rxe8 Qxe8 21. b6 c6 22. Qc2 Rd8 23. Re1 Qd7 24.
Be3 Qd3 25. Qxd3 Rxd3 26. Bd4 Bxd4 27. cxd4 Bd5 28. h3 Rxd4 29. Re7 Rxa4 30. Rxb7 Rc4 31. Ra7 Rxc5 32. Rxa6 Rb5 33. Ne2 Rb1+ 34. Kh2 Rb2 35. Nc3 Bc4 36. Ra4 Be6 37. Ra6 Rxf2 38. Na4 Bd5 39.
Kg3 Rxg2+ 40. Kf4 g5+ 41. Ke5 Re2+ 42. Kd6 Re4 43. b7 Rb4 44. Rb6 1-0

[Event "*** Titled Tuesday Blitz"]
[Site "Chess.com"]
[Date "2020.04.21"]
[Round "1"]
[White "Nitzan_Steinberg"]
[Black "Orest_Vovk"]
[Result "1-0"]
[WhiteElo "2847"]
[BlackElo "2445"]
[TimeControl "180+1"]
[EndTime "10:07:26 PDT"]
[Termination "Nitzan_Steinberg won by resignation"]

1. e4 g5 2. d4 h6 3. Nc3 Bg7 4. Bc4 c5 5. Nge2 cxd4 6. Nxd4 Nc6 7. Be3 d6 8. Qd2 Nxd4 9. Bxd4 Bxd4 10. Qxd4 Nf6 11.
O-O-O Qa5 12. Nd5 Qd8 13. h4 Rf8 14. hxg5 Nxd5 15. gxh6 Nf6 16. e5 Nh7 17. Bd3 Ng5 18. h7 Nxh7 19. Rxh7 Be6 20. exd6 a6 21. Be4 Qxd6 22.
Qxd6 exd6 23. Bxb7 Ra7 24. Bc6+ Ke7 25. Rh4 Rc7 26.
Ba4 Rg8 27. g3 Rg4 28. Rxg4 Bxg4 29. Rd4 Be6 30. Bb3 Bf5 31. Kd2 Bg6 32. Bc4 a5 33. Bd3 Rc5 34. a4 Bh5 35. b3 Re5 36. Re4 f6 37. Rxe5+ fxe5 38. c3 Bf7 39. b4 axb4 40.
cxb4 d5 41. Ke3 Kd6 42. f4 d4+ 43. Kd2 exf4 44. gxf4 Bb3 45. a5 Bd5 46. f5 Ke5 47. b5 Kd6 48. b6 Kc6 49. f6 Kc5 50. f7 Bxf7 51. b7 1-0

[Event "*** Titled Tuesday Blitz"]
[Site "Chess.com"]
[Date "2020.04.21"]
[Round "1"]
[White "serhanberat_ozdemir"]
[Black "tigra"]
[Result "0-1"]
[WhiteElo "2406"]
[BlackElo "2781"]
[TimeControl "180+1"]
[EndTime "10:07:26 PDT"]
[Termination "tigra won by resignation"]

1. e4 c5 2. Nf3 d6 3. d4 cxd4 4.
Nxd4 Nf6 5. Nc3 a6 6. f3 e5 7.
Nb3 Be6 8. Be3 Nbd7 9. Qd2 Be7 10.
O-O-O b5 11. g4 b4 12. Ne2 d5 13. g5 d4 14. gxf6 dxe3 15. Qxe3 Bxf6 16. Kb1 Qc7 17. h4 O-O 18. Bh3 Bxh3 19. Rxh3 a5 20. Rd5 a4 21. Nc5 Nb6 22. Rd1 Nc4 23. Qf2 Rfd8 24.
Rhh1 a3 25. Rxd8+ Rxd8 26. b3 Nd2+ 27. Kc1 Nxf3 28. Na6 Qd6 29. Qxf3 Qxa6 30. Rd1 Rxd1+ 31. Kxd1 Bxh4 32. c3 Bg5 33. Kc2 Qd6 34. Qd3 Qxd3+ 35. Kxd3 bxc3 36. Nxc3 h5 37. b4 h4 38. b5 h3 39. b6 Bd8 40. b7 Bc7 41. Nd1 h2 42.
Nf2 Kf8 43. Ke2 Ke8 44. Kf3 Kd7 45. Kg2 Kc6 46. Kxh2 Kxb7 47. Kg2 Kc6 48. Kf3 Kc5 49.
Nd3+ Kc4 50. Nc1 g6 0-1

[Event "*** Titled Tuesday Blitz"]
[Site "Chess.com"]
[Date "2020.04.21"]
[Round "1"]
[White "tufferguy"]
[Black "Vincent_Vega95"]
[Result "1-0"]
[WhiteElo "2399"]
[BlackElo "2717"]
[TimeControl "180+1"]
[EndTime "10:07:26 PDT"]
[Termination "tufferguy won by resignation"]

1. e4 c5 2. c3 d5 3. exd5 Qxd5 4. d4 Nf6 5. Nf3 e6 6. Be3 cxd4 7. cxd4 Nc6 8. Nc3 Bb4 9. Bd3 O-O 10. O-O Qd8 11.
Qb3 b6 12. Ne5 Nxe5 13. dxe5 Bxc3 14. Qxc3 Nd5 15. Qd4 Bb7 16. Rfd1 Qe7 17. Qe4 g6 18. Bh6 Rfc8 19. Qg4 Qb4 20. Qg5 Qe7 21. Qg4 Nb4 22. Bg5 Qc5 23. Bf6 Nd5 24. Bg5 Qb4 25.
Qf3 Qxb2 26. Be4 Qxe5 27. Bf6 Qh5 28. Qxh5 gxh5 29. Rd3 Kf8 30. Be5 Ba6 31. Rh3 Rc5 32. Bd6+ Ke8 33. Bxc5 bxc5 34. Bxd5 exd5 35. Rxh5 Rd8 36.
Rxh7 Ke7 37. Re1+ Kf6 38. Rh6+ 1-0

[Event "*** Titled Tuesday Blitz"]
[Site "Chess.com"]
[Date "2020.04.21"]
[Round "1"]
[White "RovenVogel"]
[Black "Berant"]
[Result "1/2-1/2"]
[WhiteElo "2685"]
[BlackElo "2382"]
[TimeControl "180+1"]
[EndTime "10:07:26 PDT"]
[Termination "Game drawn by repetition"]

1. d4 Nf6 2. c4 e6 3. Nf3 d5 4.
Nc3 c5 5. e3 Be7 6. dxc5 O-O 7. a3 Bxc5 8. b4 Be7 9. Bb2 b6 10.
cxd5 exd5 11. Be2 Nc6 12. O-O Bb7 13. Qb3 Ne4 14. Nxd5 Bd6 15. Rad1 Ng5 16. Nxg5 Qxg5 17. Bf3 Rad8 18. Nf4 Nd4 19. Rxd4 Bxf3 20. Kh1 Bxf4 21. gxf3 Be5 22. Rg4 Qf6 23. Bxe5 Qxe5 24. Rd1 g6 25. Rgd4 Rxd4 26. Rxd4 Qf5 27. Qd1 Re8 28. Rd7 h5 29.
Rxa7 h4 30. Rd7 h3 31. Rd8 Rxd8 32. Qxd8+ Kg7 33. Qd4+ Kg8 34. Qd1 Qg5 35. Qf1 Qh5 36. Qd1 Qg5 37. Qg1 Qd5 38. Qf1 Qxf3+ 39. Kg1 Qg4+ 40. Kh1 Qf3+ 41. Kg1 Qg4+ 42. Kh1 Qf3+ 1/2-1/2

[Event "*** Titled Tuesday Blitz"]
[Site "Chess.com"]
[Date "2020.04.21"]
[Round "1"]
[White "ahappypawn"]
[Black "wannabe2700"]
[Result "0-1"]
[WhiteElo "2356"]
[BlackElo "2685"]
[TimeControl "180+1"]
[EndTime "10:07:26 PDT"]
[Termination "wannabe2700 won on time"]

1. c4 f5 2. g3 Nf6 3. Bg2 g6 4. e3 Bg7 5. Ne2 O-O 6. O-O e5 7. d3 d6 8. Nbc3 c6 9. f4 Re8 10. Qc2 Na6 11. a3 exf4 12. Nxf4 Ng4 13. Re1 Qb6 14. Na4 Qc7 15. h3 Nf6 16. Bd2 Bd7 17. Rad1 Re7 18. b4 Rae8 19. Qb3 Kh8 20. d4 Ne4 21. b5 Nb8 22. Kh2 Bc8 23. Bc1 Nd7 24.
Re2 Ndf6 25. Bb2 g5 26. Nd3 d5 27. Ne5 Nd7 28. bxc6 Nxe5 29. dxe5 Bxe5 30. Bxe5+ Qxe5 31. Bxe4 dxe4 32. Rd5 Qf6 33. cxb7 Bxb7 34. Rb5 Bc6 35. Rb4 f4 36. exf4 gxf4 37. Qb2 Qxb2 38. Nxb2 f3 39. Re3 Rf8 40. Kg1 Rd7 41. c5 Rd2 42. Kf1 Bd5 43.
h4 Rg8 0-1

[Event "*** Titled Tuesday Blitz"]
[Site "Chess.com"]
[Date "2020.04.21"]
[Round "1"]
[White "jerry_77"]
[Black "szefru"]
[Result "0-1"]
[WhiteElo "2502"]
[BlackElo "2132"]
[TimeControl "180+1"]
[EndTime "10:07:26 PDT"]
[Termination "szefru won by resignation"]

1. e4 Nf6 2. e5 Nd5 3. Nf3 d6 4. exd6 exd6 5. d4 Be7 6. Bd3 O-O 7. c4 Nb6 8. Be3 Bf6 9. Nc3 Nc6 10. h4 Bg4 11.
Qc2 h6 12. Ne2 Nb4 13. Qd2 Nxd3+ 14. Qxd3 d5 15. c5 Nc4 16. b3 Nxe3 17. fxe3 Re8 18. O-O-O Qe7 19. Nf4 c6 20. Rde1 Qd7 21. Nd2 Bf5 22. Qc3 b6 23. Nh5 Be7 24. Nf3 bxc5 25. dxc5 Bf8 26. Nd4 Be4 27. Rhg1 Qg4 28. Nf4 Qxh4 29.
g4 Qg5 30. Nh3 Qe7 31. g5 h5 32. g6 fxg6 33. Nf4 Qxc5 34. Qxc5 Bxc5 35. Nde6 Bb6 36. Ng5 Bf5 37. Rg3 h4 38. Rf3 Bg4 39. Rff1 Bxe3+ 40. Kb2 Bd4+ 41. Ka3 Bc5+ 42. b4 Be3 43. Rxe3 Rxe3+ 44.
Ka4 Rf8 0-1

[Event "*** Titled Tuesday Blitz"]
[Site "Chess.com"]
[Date "2020.04.21"]
[Round "1"]
[White "AlexandraBotez"]
[Black "lolo9292"]
[Result "0-1"]
[WhiteElo "2094"]
[BlackElo "2515"]
[TimeControl "180+1"]
[EndTime "10:07:26 PDT"]
[Termination "lolo9292 won by resignation"]

1. d4 Nf6 2. c4 d6 3. Nc3 g6 4.
e4 Bg7 5. f3 O-O 6. Be3 Nbd7 7.
Qd2 a6 8. Nge2 b5 9. Nc1 b4 10. Nd5 c5 11. Nxf6+ Bxf6 12. g3 cxd4 13. Bxd4 Ne5 14.
Be2 Be6 15. b3 a5 16. Rb1 Qc7 17. O-O Nd7 18. Bxf6 Nxf6 19. Nd3 Nd7 20. Nf4 Qc5+ 21. Kg2 Ne5 22. Nxe6 fxe6 23. f4 Nc6 24. Bg4 Nd4 25. Rbd1 e5 26. f5 gxf5 27. Bxf5 Rf7 28. Qg5+ Rg7 29. Qh6 a4 30. Be6+ Kh8 31. Rf7 Nxe6 32. Qxe6 Qe3 33. Qd5 Qe2+ 34. Kh3 Qh5+ 35. Kg2 Rxf7 36.
Qxa8+ Kg7 37. Qd5 Qf3+ 38. Kg1 Qe3+ 39. Kh1 axb3 40. axb3 Qxb3 41. Qd3 Qxd3 42. Rxd3 Rf1+ 43. Kg2 Rc1 44. Rb3 Rc2+ 45. Kh3 Rxc4 46. g4 Rxe4 47.
Kh4 Rc4 48. Kg5 d5 49. h4 d4 50. h5 e4 51. h6+ Kf7 52. Rb1 e3 53. Rf1+ Ke6 54. Rf4 b3 55. Re4+ Kd6 56. Kf5 Rc5+ 57.
Kf4 e5+ 58. Kf5 b2 59. Kf6 b1=B 0-1

[Event "*** Titled Tuesday Blitz"]
[Site "Chess.com"]
[Date "2020.04.21"]
[Round "1"]
[White "David_Paravyan"]
[Black "Vamostodorecto"]
[Result "1-0"]
[WhiteElo "3009"]
[BlackElo "2473"]
[TimeControl "180+1"]
[EndTime "10:07:28 PDT"]
[Termination "David_Paravyan won on time"]

1. e4 e5 2. Nf3 Nc6 3. Bb5 a6 4. Ba4 Nf6 5. d3 b5 6. Bb3 Bb7 7. Ng5 d5 8. exd5 Nd4 9. c4 c6 10. d6 c5 11. cxb5 Nxb3 12. Qxb3 Bd5 13. Qa4 Qd7 14.
Nc3 Bxg2 15. Rg1 axb5 16. Qxb5 Bc6 17. Qxc5 Bxd6 18. Qc4 O-O 19. Qh4 Be7 20. Qg3 Nh5 21. Qh3 Qxh3 22. Nxh3 Rfd8 23. Ke2 Rd7 24. Be3 f5 25.
Ng5 f4 26. Bd2 Rad8 27. Nge4 Rxd3 28. f3 Bb4 29. Rg5 g6 30. Rxe5 Bxc3 31. Bxc3 Re3+ 32. Kf2 Rdd3 33. Ng5 1-0

[Event "*** Titled Tuesday Blitz"]
[Site "Chess.com"]
[Date "2020.04.21"]
[Round "1"]
[White "BogdanDeac"]
[Black "YPradafah"]
[Result "1-0"]
[WhiteElo "2930"]
[BlackElo "2459"]
[TimeControl "180+1"]
[EndTime "10:07:28 PDT"]
[Termination "BogdanDeac won on time"]

1. Nf3 Nf6 2. c4 g6 3. Nc3 Bg7 4. g3 O-O 5. Bg2 c6 6. d4 d5 7. Qb3 dxc4 8. Qxc4 Be6 9. Qd3 Na6 10. a3 c5 11. O-O cxd4 12. Nxd4 Nc5 13. Nxe6 Qxd3 14. exd3 fxe6 15. Rd1 e5 16. Be3 Nb3 17. Rab1 Rad8 18. Bxa7 Rd7 19. Be3 Nd4 20. Ne4 Ng4 21. Bxd4 Rxd4 22.
h3 Nh6 23. Nc5 Rc8 24. Ne6 Rd7 25. Rbc1 Rb8 26. Nc5 Rd4 27. Bxb7 Nf7 28. b4 Nd6 29. Be4 Nb5 30. a4 Nd6 31. b5 Bh6 32. Rb1 Rc8 33. Ne6 Rxa4 34. Bd5 Kh8 35. b6 Rb8 36. b7 Ra2 37. Bxa2 1-0

[Event "*** Titled Tuesday Blitz"]
[Site "Chess.com"]
[Date "2020.04.21"]
[Round "1"]
[White "MFBerna"]
[Black "EvgenyRomanov"]
[Result "1-0"]
[WhiteElo "2353"]
[BlackElo "2616"]
[TimeControl "180+1"]
[EndTime "10:07:28 PDT"]
[Termination "MFBerna won by resignation"]

1. e4 c5 2. Nf3 Nc6 3. d4 cxd4 4. Nxd4 Nf6 5. Nc3 d6 6. Be2 e5 7. Nb3 Be7 8. O-O Be6 9. f4 exf4 10. Bxf4 O-O 11. Kh1 Rc8 12. Nd4 Nxd4 13. Qxd4 d5 14. e5 Nd7 15. Nxd5 Bxd5 16. Qxd5 Rxc2 17. Bd3 Rc5 18.
Qe4 g6 19. b4 Rc3 20. Bc4 Nb6 21.
Bb3 Kg7 22. Rad1 Qc8 23. Bd2 Rc6 24. Qe3 Nc4 25. Qh6+ Kg8 26. Bc1 b5 27. Rd5 a6 28.
a4 Qe6 29. axb5 Qxd5 30. bxc6 Qxc6 31. Qf4 Nb6 32. Bxf7+ Kh8 33. e6 Nc4 34. Qxc4 Rxf7 35. exf7 Qf6 36. f8=Q+ Bxf8 37. Rxf6 1-0

[Event "*** Titled Tuesday Blitz"]
[Site "Chess.com"]
[Date "2020.04.21"]
[Round "1"]
[White "Shoytan"]
[Black "MikeSailer"]
[Result "1-0"]
[WhiteElo "2530"]
[BlackElo "2132"]
[TimeControl "180+1"]
[EndTime "10:07:28 PDT"]
[Termination "Shoytan won on time"]

1. e4 d5 2. exd5 Qxd5 3. Nf3 Bg4 4. Be2 Nc6 5. d4 O-O-O 6. c4 Qf5 7. Be3 Nf6 8. Nbd2 e5 9. d5 e4 10. dxc6 exf3 11.
cxb7+ Kb8 12. Qa4 Bc5 13. Nxf3 Bxe3 14. fxe3 Bxf3 15. Bxf3 Qd3 16. Qb3 Qd2+ 17. Kf1 Rd3 18. Rd1 Rxb3 19. Rxd2 Rxe3 20. Kf2 Rhe8 21. Rhd1 c6 22.
Rd8+ Kxb7 23. Rxe8 Rxe8 24. Re1 Rxe1 25. Kxe1 Kb6 26. Kd2 Kc5 27. Kc3 Nd7 28. b3 Ne5 29. b4+ Kd6 30. Be2 f5 31. Kd4 g5 32. c5+ Ke6 33.
a4 h5 34. b5 cxb5 35. axb5 g4 36. b6 axb6 37. cxb6 Nc6+ 38. Kc5 Nd8 39. Bc4+ Ke5 40. Bd5 f4 41. b7 h4 42. b8=Q+ 1-0

[Event "*** Titled Tuesday Blitz"]
[Site "Chess.com"]
[Date "2020.04.21"]
[Round "1"]
[White "temus_galaktionov"]
[Black "MFguimaraes"]
[Result "1/2-1/2"]
[WhiteElo "2765"]
[BlackElo "2408"]
[TimeControl "180+1"]
[EndTime "10:07:29 PDT"]
[Termination "Game drawn by repetition"]

1. d4 Nf6 2. Nf3 d5 3. c4 c6 4.
Qb3 e6 5. Nc3 Nbd7 6. Bg5 h6 7.
Bh4 Qa5 8. a3 Ne4 9. e3 dxc4 10.
Qxc4 Nb6 11. Qd3 Nd5 12. Qxe4 Nxc3 13. Qc2 Nd5+ 14. Nd2 c5 15. dxc5 Qxc5 16. Rc1 Qxc2 17. Rxc2 Bd7 18. Bd3 Be7 19. Bg3 O-O 20. Ke2 Ba4 21.
Rc4 Bb5 22. Rc2 Bxd3+ 23. Kxd3 Rfd8 24. Ke2 Rac8 25. Rhc1 Rxc2 26. Rxc2 f5 27. e4 fxe4 28. Nxe4 b6 29. Rc6 Kf7 30. Bd6 Rd7 31. g3 Bf6 32.
b3 Be7 33. Bxe7 Kxe7 34. Rc8 Rc7 35. Rg8 Kf7 36. Ra8 a5 37. Kd3 Rc1 38. Ra7+ Kg6 39.
h4 Rd1+ 40. Kc2 Re1 41. Kd3 Rd1+ 42. Ke2 Rb1 43. Nd2 Rb2 44. Kd3 Ra2 45. a4 Nb4+ 46.
Ke3 Nd5+ 47. Kd3 Nb4+ 48. Ke3 Nd5+ 49. Kd3 1/2-1/2

[Event "*** Titled Tuesday Blitz"]
[Site "Chess.com"]
[Date "2020.04.21"]
[Round "1"]
[White "crescentmoon2411"]
[Black "Shazuli9878"]
[Result "1-0"]
[WhiteElo "2760"]
[BlackElo "2394"]
[TimeControl "180+1"]
[EndTime "10:07:29 PDT"]
[Termination "crescentmoon2411 won by resignation"]

1. e4 c6 2. d4 d5 3. exd5 cxd5 4. Bd3 Nf6 5. c3 Nc6 6. h3 g6 7. Nf3 Bg7 8. O-O O-O 9. Bf4 Bf5 10. Be2 Rc8 11. Nbd2 Ne4 12. Re1 Nxd2 13. Qxd2 Be4 14. Nh2 e5 15. dxe5 Nxe5 16. Rad1 Qa5 17. a3 Rfd8 18. Bf1 Nc4 19. Bxc4 dxc4 20. Qe3 Rxd1 21. Rxd1 Bd3 22. Re1 Qb5 23. Qd2 Re8 24. Rxe8+ Qxe8 25. Nf3 b5 26. Be3 a5 27. Bd4 Qe4 28. Bxg7 Kxg7 29. Qe3 Qb7 30. Nd4 b4 31. Qe5+ Kg8 32. Qxa5 bxc3 33. bxc3 Qb1+ 34. Kh2 Qe1 35. Nf3 Qxf2 36. Qd8+ Kg7 37. Qd4+ Qxd4 38. Nxd4 Kf6 39. a4 Ke5 40. a5 Ke4 41. a6 Ke3 42. a7 Be4 43. g4 Kd3 44.
Nb5 g5 45. Kg3 h6 46. Kf2 Kd2 47. Nd6 Bd5 48. Nxc4+ Kxc3 49. Nb6 Bc6 50. Ke3 Kb4 51. a8=Q Bxa8 52. Nxa8 Kc5 53. Ke4 Kd6 54. Kf5 Kd5 55.
Kf6 Ke4 56. Kxf7 Kf4 57. Kg6 Kg3 58. Kxh6 Kxh3 59. Kxg5 1-0

[Event "*** Titled Tuesday Blitz"]
[Site "Chess.com"]
[Date "2020.04.21"]
[Round "1"]
[White "kreonx"]
[Black "Zq1"]
[Result "1/2-1/2"]
[WhiteElo "2237"]
[BlackElo "2576"]
[TimeControl "180+1"]
[EndTime "10:07:30 PDT"]
[Termination "Game drawn by agreement"]

1. e4 c5 2. Nc3 g6 3. g3 Bg7 4.
Bg2 Nc6 5. d3 d6 6. Be3 b5 7. e5 Qd7 8. exd6 exd6 9. Qd2 Nge7 10. Nge2 b4 11. Nd1 Nf5 12. Bf4 Bb7 13. O-O O-O 14.
c3 a5 15. Ne3 Nxe3 16. Bxe3 Ne5 17. f3 bxc3 18. bxc3 Qf5 19. Nf4 h5 20. h3 Rab8 21. g4 hxg4 22. fxg4 Qd7 23. Rab1 Bxg2 24. Qxg2 c4 25.
d4 Nd3 26. Nxd3 cxd3 27. Qd2 Rxb1 28. Rxb1 f5 29. Qxd3 fxg4 30. Qxg6 gxh3 31. Bh6 Qf7 32. Qxf7+ Rxf7 33. Rb8+ Kh7 34. Bxg7 Rxg7+ 35. Kh2 Rg2+ 36. Kxh3 Rxa2 37. Rd8 Rc2 38. Rxd6 Rxc3+ 39. Kg4 a4 40. Ra6 1/2-1/2

[Event "*** Titled Tuesday Blitz"]
[Site "Chess.com"]
[Date "2020.04.21"]
[Round "1"]
[White "KikaLaurincova"]
[Black "marcodobrikov"]
[Result "0-1"]
[WhiteElo "1983"]
[BlackElo "2498"]
[TimeControl "180+1"]
[EndTime "10:07:30 PDT"]
[Termination "marcodobrikov won by resignation"]

1. e4 c5 2. Nf3 d6 3. d4 cxd4 4. Nxd4 Nf6 5. Nc3 a6 6. h3 e6 7. g4 Be7 8. Bg2 O-O 9. O-O Nc6 10.
Be3 Bd7 11. f4 Nxd4 12. Bxd4 Bc6 13. Qd3 b5 14. Rad1 Qc7 15. e5 Bxg2 16. Kxg2 dxe5 17.
Bxe5 Qc6+ 18. Qf3 Qxf3+ 19. Rxf3 b4 20. Ne2 Rac8 21. c3 Nd5 22. cxb4 Rfd8 23. Nd4 Nxb4 24. a3 Nd5 25. Rfd3 Rd7 26. Ne2 Rc2 27. R3d2 Rxd2 28. Rxd2 Ne3+ 29. Kf2 Nxg4+ 30. hxg4 Rxd2 31. Bd4 f6 32.
Ke3 Rd1 33. Nc3 Kf7 34. Ne4 Rb1 35. Bc3 a5 36. Nd2 Rg1 37. Kf3 a4 38. Nc4 h5 39.
gxh5 Rh1 40. Nb6 Bxa3 41. bxa3 Rh3+ 42. Ke4 Rxc3 43. Nxa4 Rxa3 44. Nc5 Rh3 45. Nd3 Rxh5 0-1

[Event "*** Titled Tuesday Blitz"]
[Site "Chess.com"]
[Date "2020.04.21"]
[Round "1"]
[White "Gandrade2"]
[Black "LucaBrasi1968"]
[Result "0-1"]
[WhiteElo "1972"]
[BlackElo "2497"]
[TimeControl "180+1"]
[EndTime "10:07:30 PDT"]
[Termination "LucaBrasi1968 won on time"]

1. d4 f5 2. g3 Nf6 3. Bg2 e6 4.
Nf3 d5 5. c4 c6 6. O-O Bd6 7.
Nc3 O-O 8. Qc2 Qe7 9. Rb1 b6 10. b4 Bb7 11. c5 Bc7 12. a4 a5 13. b5 bxc5 14. b6 Bd6 15. Bf4 Nbd7 16. e3 c4 17. h3 Ne4 18. Kh2 Nxc3 19. Qxc3 Bb4 20. Qc2 Nxb6 21. Ne5 Nd7 22. Nf3 Ba6 23. Bg5 Qe8 24.
Rg1 h6 25. Bf4 Qe7 26. Nh4 Qf6 27. Nf3 g5 28. Be5 Qe7 29. Bf1 Rac8 30. g4 Nxe5 31. Nxe5 Qh7 32. Qd1 f4 33. Be2 fxe3 34. fxe3 Rf2+ 35.
Rg2 Rxg2+ 36. Kxg2 Bb7 37. Rb2 Rf8 38. Bf3 c3 39. Rf2 c5 40. dxc5 Bxc5 41. Re2 Ba6 42. Re1 Bd6 0-1